 Dungeon Crawl Stone Soup version 0.24.0-37-gcf1ca852f1 (webtiles) character file.

Game seed: 14944302773724119951, levelgen mode: deterministic

392 PentaManta the Skirmisher (level 6, -9/40 HPs)
             Began as a Gargoyle Monk on Dec 6, 2019.
             Mangled by an ogre
             ... wielding a +0 giant club
              (12 damage)
             ... on level 4 of the Dungeon.
             The game lasted 00:04:58 (3059 turns).

PentaManta the Skirmisher (Gargoyle Monk)           Turns: 3059, Time: 00:04:58

Health: -9/40      AC: 13    Str: 17    XL:     6   Next: 81%
Magic:  6/6        EV:  8    Int: 10    God:
Gold:   151        SH:  0    Dex: 12    Spells: 5/5 levels left

rFire    . . .     SeeInvis .   g - +3 whip
rCold    . . .     Gourm    .   (no shield)
rNeg     + . .     Faith    .   a - +0 chain mail
rPois    ∞         Spirit   .   (no helmet)
rElec    +         Reflect  .   (no cloak)
rCorr    .         Harm     .   (no gloves)
MR       .....                  (no boots)
Stlth    ..........             (no amulet)
HPRegen  0.13/turn              (no ring)
MPRegen  0.10/turn              (no ring)

@: very slightly contaminated, invisible
A: negative energy resistance 1, electricity resistance, unbreathing,
petrification resistance, rot immunity, AC +4
a: no special abilities


You were on level 4 of the Dungeon.
You were not hungry.

You visited 1 branch of the dungeon, and saw 4 of its levels.

You collected 151 gold pieces.

Inventory:

Hand Weapons
 g - a +3 whip (weapon)
 u - a +0 flail
Armour
 a - a +0 chain mail (worn)
 b - a +0 scale mail
Wands
 e - a wand of random effects (6)
Scrolls
 d - a scroll of noise {unknown}
 h - 2 scrolls of enchant weapon {unknown}
 i - 3 scrolls of random uselessness {unknown}
 k - 2 scrolls of teleportation {unknown}
 n - 7 scrolls of identify {unknown}
 o - 3 scrolls of remove curse {unknown}
 p - 2 scrolls of blinking {unknown}
 q - a scroll of fog {unknown}
 r - a scroll of magic mapping {unknown}
Potions
 f - 2 potions of brilliance {unknown}
 j - 3 potions of curing {unknown}
 l - 2 potions of heal wounds {unknown}
 m - 2 potions of might {unknown}
 t - a potion of flight {unknown}
Comestibles
 c - 8 rations


   Skills:
 + Level 4.9 Fighting
 + Level 4.5 Maces & Flails
 + Level 3.3 Armour
 + Level 3.7 Dodging
 - Level 2.1 Stealth


You had 5 spell levels left.
You didn't know any spells.
Your spell library was empty.

Dungeon Overview and Level Annotations

Branches:
Dungeon (4/15)
 Temple: D:4-7

Altars:
Dithmenos
Trog
Wu Jian

Shops:
D:4 %


Innate Abilities, Weirdness & Mutations

You are resistant to torment.
Your stone body is resilient. (AC +4)
You are immune to poison.
You resist negative energy. (rN+)
You are resistant to electric shocks. (rElec)
You can survive without breathing.
You are immune to petrification.
You are immune to rotting.


Message History

There is a stone staircase leading up here.
You barely miss the ogre.
The ogre hits you with a +0 giant club!!
Ouch! That really hurt!
* * * LOW HITPOINT WARNING * * *
You hit the ogre.
The ogre is lightly wounded.
You fade into invisibility!
The ogre misses you.
You are very lightly contaminated with residual magic.
You hit the ogre.
The ogre is moderately wounded.
The ogre misses you.
You hit the ogre.
The ogre is heavily wounded.
You strike the helpless ogre from behind!
You hit the ogre.
The ogre is heavily wounded.
The ogre hits you with a +0 giant club!
You die...

..## ... .........
.###..###. ........
......... . ... ...
#.....#.# .. ..
##.##.......#..#
.##.......#.....
##.#.....###... #....
##..###@...##.# ## ....
#......O).....##..# #...
###....##..#...#..###...
######....#..##........(..
##..#...#.###..............
#......)......#.#.#..###...
##..<.........._..#.#.#....
####.........#.##..#......
#.......###.....).###..


You could see an ogre.

Vanquished Creatures
  An ogre (D:4)
  2 wights
  A hound (D:4)
  A bullfrog skeleton (D:4)
  Terence (D:3)
  6 adders
  A worm (D:2)
  2 dart slugs
  3 leopard geckos
  4 orcs
  A ball python (D:3)
  8 bats
  7 giant cockroaches
  13 goblins
  5 hobgoblins
  3 jackals (D:1)
  4 kobolds
  2 quokkas (D:3)
  2 frilled lizards (D:3)
  2 leopard gecko skeletons (D:4)
  6 rats
75 creatures vanquished.

Notes
Turn   | Place    | Note
-------+----------+-------------------------------------------
     0 | D:1      | PentaManta the Gargoyle Monk began the quest for the Orb.
     0 | D:1      | Reached XP level 1. HP: 14/14 MP: 1/1
    69 | D:1      | Reached XP level 2. HP: 19/19 MP: 2/2
   249 | D:1      | Reached skill level 1 in Armour
   510 | D:1      | Reached XP level 3. HP: 23/23 MP: 3/3
  1442 | D:3      | Reached XP level 4. HP: 28/29 MP: 4/4
  1480 | D:3      | Found a shadowy altar of Dithmenos.
  1549 | D:3      | Found a bloodstained altar of Trog.
  1808 | D:3      | Reached XP level 5. HP: 29/33 MP: 5/5
  1909 | D:3      | Noticed Terence
  1920 | D:3      | Killed Terence
  2071 | D:4      | Found Giwk's Food Shop.
  2423 | D:4      | Reached XP level 6. HP: 23/39 MP: 6/6
  2436 | D:4      | Found an ornate altar of the Wu Jian Council.
  2487 | D:4      | HP: 1/39 [ogre/+0 giant club (7)]
  3048 | D:4      | HP: 2/40 [ogre/+0 giant club (23)]
  3059 | D:4      | Mangled by an ogre

Levels and vault maps discovered:
D:1:      dpeg_arrival_rooms_a, layout_basic
D:2:      layout_rooms, first_ration, minmay_misc_feat_iff
D:3:      layout_loops_ring, overflow_temple_1_default, trog_hazing_becter,
          uniq_terence
D:4:      layout_cave_pools, lemuel_crystal_altar,
          grunt_temple_overflow_bloody_war, serial_shops, shop

Skill      XL: |  1  2  3  4  5  6 |
---------------+-------------------+-----
Armour         | 1 2 3 |  3.3
Fighting       | 4 |  4.9
Dodging        | 3 |  3.7
Maces & Flails | 4 |  4.5
Stealth        | |  2.1

Action                   |  1- 3 |  4- 6 || total
-------------------------+-------+-------++-------
Melee: Mace              |    53 |       ||    53
       Dagger            |    12 |       ||    12
       Whip              |    54 |   183 ||   237
  Use: Potion            |       |     1 ||     1
 Stab: Sleeping          |     2 |     1 ||     3
       Invisible         |       |     1 ||     1
  Eat: Chunk             |     2 |     5 ||     7
Armor: Robe              |     5 |       ||     5
       Ring mail         |    57 |    42 ||    99
       Chain mail        |       |    23 ||    23
Dodge: Dodged            |    85 |    94 ||   179
